 Dungeon Crawl Stone Soup version 0.26.0-3-g156281e41b (webtiles) character file.

Game seed: 9479542590162249518

478 Descartes the Skirmisher (level 7, -8/56 HPs)
             Began as a Formicid Abyssal Knight on Jan 9, 2021.
             Was a Believer of Lugonu.
             Killed by divine providence
             ... invoked by an orc priest
              (12 damage)
             ... on level 3 of the Dungeon.
             The game lasted 00:10:24 (4868 turns).

Descartes the Skirmisher (Formicid Abyssal Knight)  Turns: 4868, Time: 00:10:24

Health: -8/56      AC:  9    Str: 18    XL:     7   Next: 33%
Magic:  8/8        EV:  8    Int: 12    God:    Lugonu [**....]
Gold:   188        SH:  0    Dex: 10    Spells: 6/6 levels left

rFire    . . .     SeeInvis +   a - +1 falchion
rCold    . . .     Faith    .   (no shield)
rNeg     . . .     Spirit   .   o - +0 chain mail
rPois    .         Reflect  .   (helmet unavailable)
rElec    .         Harm     .   (no cloak)
rCorr    .         Rampage  .   (no gloves)
Will     .....                  (no boots)
Stlth    ..........             (no amulet)
HPRegen  0.18/turn              e - ring of flight
MPRegen  0.11/turn              (no ring)

@: flying (expiring)
A: permanent stasis, dig shafts and tunnels, four strong arms, antennae 3
a: Dig, Shaft Self, Stop Flying, Renounce Religion, Depart the Abyss, Bend Space


You were on level 3 of the Dungeon.
You worshipped Lugonu.
Lugonu was pleased with you.
You visited 1 branch of the dungeon, and saw 3 of its levels.
You visited the Abyss 1 time.

You collected 188 gold pieces.

Inventory:

Hand Weapons
 a - a +1 falchion (weapon)
Missiles
 f - 82 stones
 i - 54 arrows
 m - 56 sling bullets
 q - 40 bolts
 t - 4 boomerangs
Armour
 b - a +0 leather armour
 c - a +0 ring mail
 o - a +0 chain mail (worn)
Jewellery
 e - a ring of flight (left hand)
Wands
 v - a wand of flame (12)
Scrolls
 d - a scroll of remove curse {unknown}
 g - 2 scrolls of magic mapping {unknown}
 j - 5 scrolls of identify {unknown}
 l - a scroll of teleportation {unknown}
 u - 2 scrolls of immolation {unknown}
Potions
 h - 2 potions of haste {unknown}
 k - a potion of might {unknown}
 n - 2 potions of brilliance {unknown}
 p - a potion of resistance {unknown}
 r - a potion of heal wounds {unknown}


   Skills:
 + Level 5.5 Fighting
 - Level 2.0 Long Blades
 + Level 5.1 Armour
 + Level 3.7 Dodging
 - Level 2.1 Invocations


You had 6 spell levels left.
You didn't know any spells.
Your spell library was empty.

Dungeon Overview and Level Annotations

Branches:
Dungeon (3/15)

Altars:

Annotations:
D:3 1 transporter, Ijyb


Innate Abilities, Weirdness & Mutations

You cannot be hasted, slowed, berserked, paralysed or teleported.
You can dig through walls and to a lower floor.
Your four strong arms can wield two-handed weapons with a shield.
You have a pair of large antennae on your head. (SInv)


Message History

The shadow imp lashes its tail.
Found 12 gold pieces.
You now have 173 gold pieces (gained 15).
m - 56 sling bullets (gained 22)
You now have 188 gold pieces (gained 15).
You reach down and open the door.
You are starting to lose your buoyancy.
The shadow imp gestures at you. Pain shoots through your body!
* * * LOW HITPOINT WARNING * * *
There is an open door here.
The shadow imp gestures at you. Pain shoots through your body!
* * * LOW HITPOINT WARNING * * *
The orc priest invokes the aid of Beogh against you.
Beogh smites you!
* * * LOW HITPOINT WARNING * * *
The orc priest mumbles some strange prayers to Beogh against you.
Beogh smites you!
You die...

#......©......#
####..#########..#
......#8P.©.P8#.$#
####.[#≈.....≈#..#
#.....#.##'####..#
..###.#.≈...≈h#..#
.....g#.≈...≈5#..# .
).###g#.≈≈≈≈≈o#g.#
.##.###.#.≈@⌠≈≈.#..#
........#.≈≈≈P≈)#..#
#.#.###.#)≈...≈.#..#
####....##.#.≈...≈.#..#
#..........####'####..#
#..........#P...†.≈#..####
#..........#8P.©.P8#......
##..........#########......
##...............©..........


You could see Ijyb, a hound, an orc priest, a shadow imp and 2 hobgoblins.

Vanquished Creatures
  Sigmund (D:3)
  An iron imp (Abyss:1)
  2 orc wizards
  Robin (D:2)
  7 gnolls (D:2)
  3 adders (D:2)
  A river rat (D:3)
  A shadow imp (D:3)
  2 worms (D:2)
  4 dart slugs
  3 leopard geckos
  6 orcs
  3 ball pythons
  6 bats
  5 giant cockroaches
  11 hobgoblins
  4 jackals (D:2)
  2 frilled lizards
  22 goblins
  8 kobolds
  6 rats
  A bush (D:2)
100 creatures vanquished.

Vanquished Creatures (others)
  13 plants
13 creatures vanquished.

Grand Total: 113 creatures vanquished

Notes
Turn   | Place    | Note
-------+----------+-------------------------------------------
     0 | Abyss:1  | Descartes the Formicid Abyssal Knight began the quest for
                  | the Orb.
     0 | Abyss:1  | Reached XP level 1. HP: 18/18 MP: 2/2
    41 | Abyss:1  | Noticed an iron imp
    48 | Abyss:1  | Killed an iron imp
    49 | Abyss:1  | Reached skill level 1 in Dodging
    49 | Abyss:1  | Reached XP level 2. HP: 12/25 MP: 3/3
    49 | Abyss:1  | Reached XP level 3. HP: 15/30 MP: 4/4
   169 | Abyss:1  | Found a corrupted altar of Lugonu.
   242 | Abyss:1  | Noticed a starcursed mass
   243 | D:1      | Escaped the Abyss
   781 | D:1      | Reached * piety under Lugonu
  1149 | D:1      | Reached XP level 4. HP: 35/37 MP: 5/5
  2195 | D:2      | Reached XP level 5. HP: 29/42 MP: 6/6
  3181 | D:2      | Reached ** piety under Lugonu
  3202 | D:2      | Reached XP level 6. HP: 34/49 MP: 7/7
  3771 | D:3      | Noticed Sigmund
  3858 | D:3      | Noticed Robin
  4210 | D:2      | Killed Robin
  4460 | D:3      | Reached skill level 5 in Fighting
  4648 | D:3      | Killed Sigmund
  4649 | D:3      | Reached skill level 5 in Armour
  4649 | D:3      | Reached XP level 7. HP: 38/56 MP: 8/8
  4758 | D:3      | Found a transporter.
  4806 | D:3      | Noticed Ijyb
  4841 | D:3      | Found a transporter.
  4868 | D:3      | Killed from afar by an orc priest

Illustrated notes

Levels and vault maps discovered:
D:1:      minmay_arrival_split_and_join, layout_basic
D:2:      cheibrodos_greedy_goblins, layout_basic, serial_forest,
          infiniplex_forest_clump_medium, infiniplex_forest_straight_3,
          infiniplex_forest_clump_double, infiniplex_forest_diagonal,
          infiniplex_forest_side_room, infiniplex_forest_end_1,
          infiniplex_forest_side_room, palyth_stone_intersect,
          minmay_worlds_worst_comb
D:3:      gammafunk_wand_slinger, layout_rooms, uniq_sigmund, uniq_robin,
          uniq_ijyb, uniq_jessica

Skill      XL: |  1  2  3  4  5  6 |
---------------+-------------------+-----
Dodging        | 1 2 3 |  3.7
Armour         | 3 4 5 |  5.1
Fighting       | 4 5 |  5.5
Long Blades    | |  2.0
Invocations    | |  2.1

Action                   |  1- 3 |  4- 6 |  7- 9 || total
-------------------------+-------+-------+-------++-------
Melee: Falchion          |    50 |   391 |    12 ||   453
       Unarmed           |       |     6 |       ||     6
Invok: Depart the Abyss  |     1 |       |       ||     1
 Abil: Dig               |    10 |     2 |     1 ||    13
       Evoke Flight      |       |       |     1 ||     1
Evoke: Wand              |       |       |     4 ||     4
Armor: Leather armour    |     5 |       |       ||     5
       Ring mail         |    13 |    18 |       ||    31
       Chain mail        |       |   169 |     6 ||   175
       Skin              |       |     1 |       ||     1
Dodge: Dodged            |    39 |   164 |     4 ||   207
       Rpst.: Falchion   |    10 |    50 |     1 ||    61
